Description

phi

Replay - Phi_vs_protoss

Build Order

Get SALT Encoding   

  12  0:01  Probe (Chrono Boost)  
  13  0:11  Probe (Chrono Boost)  
  14  0:18  Pylon  
  14  0:22  Probe (Chrono Boost)  
  15  0:37  Probe (Chrono Boost)  
  16  0:55  Nexus  
  16  1:05  Gateway  
  16  1:10  Probe (Chrono Boost)  
  17  1:14  Assimilator  
  17  1:20  Probe (Chrono Boost)  
  18  1:26  Assimilator  
  18  1:31  Probe (Chrono Boost)  
  19  1:41  Gateway  
  19  1:42  Probe (Chrono Boost)  
  20  1:52  Probe (Chrono Boost)  
  21  1:57  Cybernetics Core  
  21  2:03  Probe (Chrono Boost)  
  21  2:08  Probe (Chrono Boost)  
  23  2:13  Probe (Chrono Boost)  
  24  2:19  Pylon  
  24  2:21  Probe (Chrono Boost)  
  25  2:27  Probe (Chrono Boost)  
  26  2:31  Adept  
  26  2:32  Adept  
  30  2:37  Warp Gate  
  30  2:41  Probe (Chrono Boost)  
  30  2:44  Probe (Chrono Boost)  
  32  2:54  Mothership Core (Chrono Boost)  
  34  3:01  Robotics Facility  
  34  3:04  Probe (Chrono Boost)  
  35  3:12  Stalker, Probe (Chrono Boost)  
  38  3:16  Stalker  
  38  3:19  Probe (Chrono Boost)  
  41  3:32  Pylon  
  41  3:33  Probe x2 (Chrono Boost)  
  43  3:42  Stalker  
  43  3:48  Observer  
  46  3:49  Stalker  
  48  3:57  Twilight Council, Probe (Chrono Boost)  
  48  3:58  Probe (Chrono Boost)  
  48  4:08  Probe x2 (Chrono Boost)  
  48  4:09  Warp Prism  
  48  4:13  Pylon  
  48  4:15  Assimilator  
  50  4:17  Assimilator  
  50  4:18  Probe (Chrono Boost)  
  50  4:19  Probe (Chrono Boost)  
  52  4:32  Probe x2 (Chrono Boost)  
  54  4:48  Probe x2 (Chrono Boost)  
  60  5:02  Stalker  
Spawning Tool Build Advisor. Get it on Overwolf

Go to:

Details

  • Created by: phi
  • Published on: Sep 25, 2016
  • Modified on: Sep 25, 2016
  • Patch: Pre-3.8.0
Show
View Real Time Build Order
Export as new Build Order

Comments (0)

There are no comments. Be the first!

Create an account to comment!